 Dungeon Crawl Stone Soup version 0.20.1-1-g8b1a95d (webtiles) character file.

940 Monsterracer the Cudgeler (level 8, -9/54 HPs)
             Began as an Octopode Fighter on Oct 24, 2017.
             Was an Initiate of Makhleb.
             Mangled by an ice beast (18 damage)
             ... on level 6 of the Dungeon.
             The game lasted 00:11:38 (6470 turns).

Monsterracer the Cudgeler (Octopode Fighter)        Turns: 6470, Time: 00:11:39

Health: -9/54      AC:  1    Str: 20    XL:     8   Next: 12%
Magic:  8/8        EV: 13    Int: 10    God:    Makhleb [......]
Gold:   224        SH: 11    Dex: 13    Spells: 6/7 levels left

rFire    + . .     SeeInvis .   a - +1 flail
rCold    x . .     Gourm    .   q - +1 shield
rNeg     . . .     Faith    .   (helmet restricted)
rPois    .         Spirit   .   (no amulet)
rElec    .         Reflect  .   e - ring of wizardry
rCorr    .         Harm     .   k - +4 ring of strength
MR       .....                  s - ring of fire
Stlth    ++++......             (no ring)
Regen    0.2/turn               (no ring)
MPRegen  0.2/turn               (no ring)
                                (no ring)
                                (no ring)

@: no status effects
A: almost no armour, stealthy swim, amphibious, 8 rings, constrict 8, camouflage
1, gelatinous body 1
a: Renounce Religion


You were on level 6 of the Dungeon.
You worshipped Makhleb.
Makhleb was noncommittal.
You were not hungry.

You visited 2 branches of the dungeon, and saw 9 of its levels.

You collected 224 gold pieces.

Inventory:

Hand Weapons
 a - a +1 flail (weapon)
 b - a +1 dagger of speed
Armour
 q - a +1 shield (worn)
Jewellery
 e - a ring of wizardry (left tentacle)
 k - a +4 ring of strength (right tentacle)
 s - a ring of fire (on tentacle)
Wands
 o - a wand of scattershot (5/9)
Scrolls
 l - 2 scrolls of remove curse
 m - 4 scrolls of amnesia
 n - 2 scrolls of blinking
 p - 2 scrolls of fear
 t - a scroll of magic mapping
 u - 2 scrolls of identify
Potions
 c - 2 potions of might
 f - a potion of resistance
 g - 2 potions of cancellation
 i - a potion of lignification
 r - 2 potions of heal wounds
Comestibles
 d - 4 bread rations
 j - a meat ration
 v - a chunk of flesh


   Skills:
 + Level 4.6 Fighting
 * Level 5.8 Maces & Flails
 + Level 4.6 Dodging
 + Level 4.8 Stealth
 + Level 4.6 Shields
 + Level 0.0 Invocations


You had 6 spell levels left.
You knew the following spells:

 Your Spells              Type           Power        Failure   Level  Hunger
z - Apportation           Tloc           #.....       47%         1    ##.....


Dungeon Overview and Level Annotations

Branches:
Dungeon (8/15)             Temple (1/1) D:6
   Lair: D:8-11

Altars:
Ashenzari
Cheibriados
Dithmenos
Gozag
Hepliaklqana
Kikubaaqudgha
Makhleb
Okawaru
Qazlal
Ru
Sif Muna
Trog
Uskayaw
Vehumet
Xom
Zin

Shops:
D:5 %

Annotations:
D:3 Bluemoon111's ghost, amateur MfIE
D:5 bmj180's ghost, novice HaFi


Innate Abilities, Weirdness & Mutations

You cannot wear most types of armour.
You are very stealthy in the water. (Stealth+)
You are amphibious.
You can wear up to eight rings at the same time.
You can use your tentacles to constrict eight enemies at once.
Your skin changes colour to match your surroundings (Stealth+).
Your rubbery body absorbs attacks. (AC +1, EV +1)


Message History

r - 2 potions of heal wounds (gained 1)
(D) Dungeon (T) Temple
Where to? (Enter - Temple, ? - help)
There is a stone staircase leading up here.
You climb upwards.
There is a stone staircase leading down here.
There is a dry fountain here.
There is a staircase to the Ecumenical Temple here.
You climb downwards.
Welcome back to the Ecumenical Temple!
There is a staircase back to the Dungeon here.
Found an opulent altar of Gozag.
You open the door.
There is an open door here.
Found a hide-covered altar of Uskayaw and a shimmering altar of Xom.
You open the door. You open the door.
You are feeling hungry.
Found a burning altar of Makhleb.
You open the door.
Found a hazy altar of Hepliaklqana.
You open the door.
Found an ancient bone altar of Kikubaaqudgha.
You open the door.
Found a radiant altar of Vehumet.
You open the door.
There is an open door here.
You open the door.
There is an open door here.
Found a deep blue altar of Sif Muna and a sacrificial altar of Ru.
You open the door. You open the door.
Found a glowing silver altar of Zin.
Key pressed, stopping explore.
You open the door.
Found an iron altar of Okawaru.
You open the door.
Found a stormy altar of Qazlal.
You open the door.
Found a snail-covered altar of Cheibriados.
You open the door.
Done exploring.
There is an open door here.
There is an open door here.
There is an open door here.
There is a burning altar of Makhleb here.
You curl up in front of the altar of Makhleb.
Makhleb welcomes you!
(D) Dungeon (T) Temple
Where to? (Enter - Temple @ (x,y), ? - help)
What level of the Dungeon? (default 6, ? - help)
There is an open door here.
There is an open door here.
There is a staircase back to the Dungeon here.
You climb upwards.
Welcome back to the Dungeon!
There is a staircase to the Ecumenical Temple here.
A leopard gecko comes into view.
A leopard gecko is nearby!
A leopard gecko is nearby!
Found a scroll of identify.
The helpless leopard gecko fails to defend itself.
You hit the leopard gecko.
You kill the leopard gecko!
Makhleb accepts your kill.
No target in view!
No target in view!
You butcher the leopard gecko corpse.
v - 2 chunks of flesh You see here a leopard gecko skeleton. x2
Eating one of 2 chunks of flesh.
You eat one of the 2 chunks of flesh.
This raw flesh tastes terrible.
u - 2 scrolls of identify (gained 1)
Found a ring mail.
Okay, then.
Okay, then.
An ice beast comes into view.
Drop what? 22/52 slots (_ for help) (? for menu, Esc to quit)
You drop a potion of degeneration.
Found a scroll labeled ULOHUZYJ OST.
You see here 6 gold pieces.
You now have 224 gold pieces (gained 6).
You hit the ice beast.
The ice beast is lightly wounded.
The ice beast hits you. The ice beast freezes you!
You feel a terrible chill!
You are too injured to fight recklessly!
You are too injured to fight recklessly!
You are too injured to fight recklessly!
You barely miss the ice beast.
The ice beast is lightly wounded.
The ice beast hits you. The ice beast freezes you!
You feel a terrible chill!
* * * LOW HITPOINT WARNING * * *
The ice beast hits you.
* * * LOW HITPOINT WARNING * * *
The ice beast freezes you!
You feel a terrible chill!
* * * LOW HITPOINT WARNING * * *
Unknown command.
Unknown command.
The ice beast hits you.
* * * LOW HITPOINT WARNING * * *
The ice beast freezes you!!
You feel a terrible chill!
You die...

##...............##.......
#...............####......
#####...........###.......
##............#.......
#....................
#...................#
##..........######...
#.....##...# ##..
#..@#####..# ### ###.Y##
#... # ####...## ##..
#.....## #..## # ####.##
#...# ### #..# #..#####..
#..#..#### #...#.....
#......#### #.........
#.####.....######........


You could see an ice beast.

Vanquished Creatures
  Joseph (D:8)
  An orc warrior (D:6)
  2 ogres
  A bullfrog zombie (D:8)
  A hound (D:6)
  2 orc wizards
  An iguana (D:6)
  A worker ant (D:3)
  Robin (D:4)
  5 adders
  3 oozes
  2 adder skeletons
  An adder zombie (D:8)
  2 worms
  2 dart slugs
  7 leopard geckos
  6 orcs
  7 giant cockroaches
  12 goblins
  12 hobgoblins
  9 jackals
  3 quokkas
  A ball python (D:1)
  7 bats
  5 frilled lizards
  8 kobolds
  10 rats
113 creatures vanquished.

Notes
Turn   | Place    | Note
-------+----------+-------------------------------------------
     0 | D:1      | Monsterracer the Octopode Fighter began the quest for the Orb.
     0 | D:1      | Reached XP level 1. HP: 16/16 MP: 1/1
   146 | D:1      | Reached XP level 2. HP: 17/21 MP: 2/2
   230 | D:1      | HP: 10/21 [leopard gecko (4)]
   246 | D:1      | HP: 10/21 [bat (1)]
   375 | D:1      | Reached XP level 3. HP: 20/26 MP: 3/3
   655 | D:1      | Reached skill level 3 in Maces & Flails
  1255 | D:2      | Reached XP level 4. HP: 31/31 MP: 4/4
  1895 | D:3      | Reached skill level 1 in Stealth
  2105 | D:3      | Noticed Bluemoon111's ghost (amateur MfIE)
  2215 | D:3      | Learned a level 1 spell: Apportation
  2255 | D:3      | HP: 15/31 [Bluemoon111's ghost (4)]
  2745 | D:3      | HP: 15/31 [Bluemoon111's ghost (8)]
  3053 | D:2      | Reached XP level 5. HP: 36/36 MP: 5/5
  3158 | D:3      | HP: 15/36 [Bluemoon111's ghost/Freeze (6)]
  3459 | D:4      | Noticed Robin
  3460 | D:4      | Found a shattered altar of Ashenzari.
  3463 | D:4      | Killed Robin
  4227 | D:4      | Noticed an ogre
  4234 | D:4      | Killed an ogre
  4234 | D:4      | Reached skill level 4 in Maces & Flails
  4234 | D:4      | Reached XP level 6. HP: 43/43 MP: 6/6
  4374 | D:5      | Entered Level 5 of the Dungeon
  4522 | D:5      | Found a shadowy altar of Dithmenos.
  4585 | D:5      | Noticed bmj180's ghost (novice HaFi)
  4592 | D:5      | HP: 20/43 [bmj180's ghost (8)]
  4603 | D:5      | HP: 14/43 [bmj180's ghost (7)]
  4848 | D:5      | HP: 15/43 [ogre/giant spiked club (28)]
  5063 | D:5      | Found Astreuraq's Food Boutique.
  5387 | D:6      | Noticed an orc warrior
  5399 | D:6      | Killed an orc warrior
  5399 | D:6      | Reached XP level 7. HP: 42/48 MP: 7/7
  5402 | D:6      | HP: 24/48 [orc/hand axe (9)]
  5881 | D:6      | Found a staircase to the Ecumenical Temple.
  5891 | D:6      | Found a bloodstained altar of Trog.
  5897 | Temple   | Entered the Ecumenical Temple
  5937 | D:6      | You fall through a shaft for 2 floors!
  5937 | D:8      | Noticed Joseph
  5945 | D:8      | HP: 21/48 [Joseph/quarterstaff (9)]
  5945 | D:8      | HP: 9/48 [Joseph/quarterstaff (12)]
  5946 | D:8      | Killed Joseph
  5946 | D:8      | Reached skill level 5 in Maces & Flails
  5946 | D:8      | Reached XP level 8. HP: 10/54 MP: 8/8
  6363 | Temple   | Became a worshipper of Makhleb the Destroyer
  6444 | D:6      | HP: 23/54 [ice beast (10)]
  6444 | D:6      | HP: 7/54 [ice beast (13)]
  6470 | D:6      | HP: 9/54 [ice beast (3)]
  6470 | D:6      | Mangled by an ice beast

Skill      XL: |  1  2  3  4  5  6  7 |
---------------+----------------------+-----
Maces & Flails | 3 4 5 |  5.8
Stealth        | 2 3 4 |  4.8
Dodging        | 4 |  4.6
Shields        | 4 |  4.6
Fighting       | 4 |  4.6

Action                   |  1- 3 |  4- 6 |  7- 9 || total
-------------------------+-------+-------+-------++-------
Melee: Flail             |    70 |   124 |    35 ||   229
       Constrict         |    20 |    25 |    10 ||    55
       Tentacles         |    16 |    24 |     8 ||    48
       Dagger            |       |     5 |     1 ||     6
  Use: Scroll            |       |    15 |     1 ||    16
 Stab: Sleeping          |     7 |    11 |     8 ||    26
       Distracted        |     1 |     3 |       ||     4
  Eat: Chunk             |     1 |     7 |     3 ||    11
       Bread ration      |       |     1 |       ||     1
       Royal jelly       |       |     1 |       ||     1
Armor: Skin              |     3 |     9 |     1 ||    13
Dodge: Dodged            |    24 |    53 |    18 ||    95
Block: Shield            |    29 |    48 |     7 ||    84

Vault maps used:
D:1:      erik_arrival_gehennom
D:2:      first_bread, minivault_5
D:4:      evilmike_ruin_ashenzari, st_stairs_6, uniq_robin
D:5:      grunt_dithmenos_smoke, serial_shops, kennysheep_mini
D:6:      bloody_trog, minmay_temple_entry_junction_2
D:8:      chequers_temple_overflow_minitemple, kennysheep_ying_yang,
          minmay_lair_entry_lava, uniq_joseph, uniq_grum
Temple:   nicolae_temple_god_jail
